 Dungeon Crawl Stone Soup version 0.30.0-13-g156ef70053 (webtiles) character file.

Game seed: 6437268411788027512

2223 jasper the Basher (level 9, 0/78 HPs)
             Began as a Meteoran Fighter on May 17, 2023.
             Slain by a fire elemental (8 damage)
             ... summoned by a deep elf pyromancer
             ... on level 8 of the Dungeon.
             The game lasted 00:08:04 (2955 turns).

jasper the Basher (Meteoran Fighter)                Turns: 2955, Time: 00:08:05

Health: 0/78       AC:  6    Str: 21    XL:     9   Next: 93%
Magic:  0/10       EV:  6    Int: 11    God:
Gold:   270        SH:  7    Dex: 14    Spells: 8/8 levels left

rFire   . . .        a - +0 flail
rCold   . . .        c - +1 buckler
rNeg    . . .        A - +0 plate armour
rPois   +            (no helmet)
rElec   .            (no cloak)
rCorr   .            d - +0 pair of gloves
SInv    .            (no boots)
Will    +....        f - amulet of guardian spirit Stlth
                     g - ring of poison resistance
HPRegen 0.33/turn    (no ring)
MPRegen 0.12/turn

%: guardian spirit
@: corroded, on berserk cooldown, slowed, glowing, very slow
A: sense surroundings 2, otherworldly, glowing, explore regen
a: no special abilities


You were on level 8 of the Dungeon.
You visited 1 branch of the dungeon, and saw 8 of its levels.

You collected 270 gold pieces.

Inventory:

Hand Weapons
 a - a +0 flail (weapon)
Missiles
 h - 6 boomerangs (quivered)
 i - 3 silver javelins
 l - a curare-tipped dart
Armour
 b - a +0 scale mail
 c - a +1 buckler (worn)
 d - a +0 pair of gloves (worn)
 n - a +0 chain mail
 A - a +0 plate armour (worn)
Jewellery
 f - an amulet of guardian spirit (around neck)
 g - a ring of poison resistance (left hand)
Wands
 r - a wand of flame (20)
 x - a wand of paralysis (8)
Scrolls
 o - 2 scrolls of teleportation
 q - 2 scrolls of enchant armour
 s - a scroll of immolation
 y - a scroll of blinking {unknown}
Potions
 e - 2 potions of curing
 j - a potion of resistance
 k - a potion of brilliance
 m - a potion of haste {unknown}
 p - a potion of berserk rage
 t - a potion of invisibility {unknown}
 u - a potion of lignification {unknown}
 v - a potion of flight {unknown}
 w - a potion of mutation {unknown}
 z - 2 potions of magic {unknown}


   Skills:
 + Level 6.7 Fighting
 * Level 10.4 Maces & Flails
 + Level 7.4 Armour
 + Level 7.4 Shields


You had 8 spell levels left.
You didn't know any spells.
Your spell library contained the following spells:

 Spells                   Type           Power      Damage    Failure   Level
 Sublimation of Blood     Necr           0%         N/A       100%        2
 Wereblood                Tmut           0%         N/A       100%        2
 Manifold Assault         Tloc           0%         N/A       100%        4
 Dispersal                Tloc           0%         N/A       100%        6
 Summon Hydra             Summ           0%         N/A       100%        7
 Disjunction              Tloc           0%         N/A       100%        8


Dungeon Overview and Level Annotations

Branches:
Dungeon (8/15) Zot: 1786
 Temple: D:4-7         Lair: D:8-11

Altars:

Annotations:
D:3 1 runed translucent door, BlasphemerAmon's ghost, amateur GrMo


Innate Abilities, Weirdness & Mutations

You passively map the area around you.
You are easily found by Zot.
You glow in the dark.
You regain HP and MP as you explore.


Message History

The stone arrow hits you!
You take 7 damage, and have 64/117 hp.
You now have 6/10 mp.
You thump the gargoyle!
You destroy the gargoyle!
The acid dragon bites you but does no damage.
The acid dragon claws you but does no damage.
The deep elf pyromancer hits you with a +0 rapier.
You see here a +0 mace.
You take 5 damage, and have 59/117 hp.
You barely miss the acid dragon.
You closely miss the deep elf pyromancer.
The acid dragon spits acid at you. The splash of acid hits you!!
The acid corrodes you!
You block the deep elf pyromancer's attack.
You take 17 damage, and have 42/117 hp.
You now have 5/10 mp.
You closely miss the acid dragon.
You are no longer berserk.
You are exhausted.
You feel yourself slow down. You block the acid dragon's attack. x2
The deep elf pyromancer hits you with a +0 rapier.
You now have 25/78 hp.
You hit the acid dragon but do no damage.
The acid dragon bites you.
* * * LOW HITPOINT WARNING * * *
The acid dragon claws you but does no damage.
You block the deep elf pyromancer's attack.
You take 2 damage, and have 23/78 hp.
The acid dragon attacks as you move away!
You block the acid dragon's attack. The acid dragon claws you.
* * * LOW HITPOINT WARNING * * *
The acid dragon spits acid at you. The splash of acid hits you!!
* * * LOW HITPOINT WARNING * * *
The acid corrodes you!
The deep elf pyromancer mumbles some strange words.
You take 17 damage, and have 6/78 hp.
MASSIVE DAMAGE!!
You now have 0/10 mp.
You feel better. The fire elemental hits you. The fire elemental burns you!
* * * LOW HITPOINT WARNING * * *
The fire elemental hits you. The fire elemental burns you!
You die...

*
##.,.#####....######
, * ##.. ..## ######
, * #... ..?# *
#...#...# , , *,
#$..$...# ##### ,*
#.....###### #...#
** * #.De# #...##
#...# ,, , #E#
#.#..# #...# #,*#@#
##.##.###...#
#.##.###..##...'...#
#....##..#######...#
##......## ###.##
######## #.... #....
#.... #.... #####


You could see a deep elf pyromancer, a fire elemental (summoned) and an acid
dragon (catching breath).

Vanquished Creatures
  A gargoyle (D:8)
  A vampire mosquito (D:8)
  A steam dragon (D:7)
  Menkaure (D:4)
  An acid dragon (D:8)
  A water moccasin (D:6)
  2 black bears
  An orc warrior (D:8)
  2 sky beasts
  An ice beast (D:7)
  A phantom (D:7)
  A kobold brigand (D:7)
  A bullfrog (D:7)
  2 howler monkeys (D:7)
  A sleepcap (D:7)
  A gnoll bouda (D:8)
  2 hounds
  2 jellies
  2 iguanas
  5 orc wizards
  3 gnolls (D:8)
  An adder (D:4)
  A shadow imp (D:7)
  2 white imps (D:7)
  3 ufetubi
  5 worms
  A dart slug (D:4)
  21 orcs
  5 endoplasms
  3 giant cockroaches
  6 goblins
  7 hobgoblins
  3 quokkas
  9 ball pythons
  5 bats
  3 frilled lizards
  9 kobolds
  6 rats
123 creatures vanquished.

Notes
Turn   | Place    | Note
-------+----------+-------------------------------------------
     0 | D:1      | jasper the Meteoran Fighter began the quest for the Orb.
     0 | D:1      | Reached XP level 1. HP: 19/19 MP: 2/2
   119 | D:1      | Reached skill level 3 in Maces & Flails
   119 | D:1      | Reached XP level 2. HP: 26/26 MP: 3/3
   323 | D:1      | Reached XP level 3. HP: 31/31 MP: 4/4
   731 | D:2      | Reached XP level 4. HP: 39/39 MP: 5/5
   976 | D:3      | Reached skill level 4 in Maces & Flails
  1249 | D:3      | Found a runed translucent door.
  1252 | D:3      | Noticed BlasphemerAmon's ghost (amateur GrMo)
  1511 | D:4      | Reached XP level 5. HP: 40/46 MP: 2/6
  1605 | D:4      | Noticed a black bear
  1656 | D:4      | Killed a black bear
  1657 | D:4      | Reached skill level 5 in Maces & Flails
  1657 | D:4      | Reached XP level 6. HP: 12/52 MP: 2/7
  1679 | D:4      | Noticed Menkaure
  1686 | D:4      | Killed Menkaure
  1687 | D:4      | Reached skill level 6 in Maces & Flails
  1687 | D:4      | Reached skill level 5 in Armour
  1687 | D:4      | Reached skill level 5 in Shields
  1687 | D:4      | Reached XP level 7. HP: 25/60 MP: 4/8
  1748 | D:5      | Entered Level 5 of the Dungeon
  2043 | D:6      | Noticed a water moccasin
  2052 | D:6      | Killed a water moccasin
  2103 | D:6      | Reached skill level 5 in Fighting
  2103 | D:6      | Reached skill level 7 in Maces & Flails
  2103 | D:6      | Reached XP level 8. HP: 48/68 MP: 6/9
  2387 | D:7      | Reached skill level 8 in Maces & Flails
  2504 | D:7      | Gained mutation: You passively map the area around you.
                  | [Meteoran growth]
  2504 | D:7      | Reached XP level 9. HP: 53/75 MP: 5/10
  2591 | D:7      | Reached skill level 9 in Maces & Flails
  2937 | D:8      | Noticed a gargoyle
  2938 | D:8      | Noticed a deep elf pyromancer
  2942 | D:8      | Reached skill level 10 in Maces & Flails
  2948 | D:8      | Killed a gargoyle
  2955 | D:8      | Slain by a fire elemental

Illustrated notes

Levels and vault maps discovered:
D:1:      dpeg_arrival_stone_temple_mockup, layout_loops_corners,
          dilly_ecumenical_altar_fadedgnrine
D:2:      minmay_razor_zed, layout_basic, minivault_27
D:3:      layout_loops_ring, ebering_ghost_sewer_f
D:4:      layout_basic, uniq_menkaure
D:5:      layout_gridville
D:6:      layout_gridville, zin_statuary, minmay_temple_entry_poolview
D:7:      minmay_clustersquares, layout_basic
D:8:      minmay_bloctagon_deflated, layout_basic

Skill      XL: |  1  2  3  4  5  6  7  8  9 |
---------------+----------------------------+-----
Maces & Flails | 3 4 5 6 7 8 10 | 10.4
Armour         | 4 5 6 7 |  7.4
Shields        | 4 5 6 7 |  7.4
Fighting       | 4 5 6 |  6.7

Action                     |  1- 3 |  4- 6 |  7- 9 || total
---------------------------+-------+-------+-------++-------
  Melee: Flail             |    84 |   116 |   316 ||   516
  Throw: Boomerang         |     5 |       |     3 ||     8
  Evoke: Wand              |       |       |     3 ||     3
    Use: Potion            |       |     1 |     2 ||     3
         Scroll            |       |       |     9 ||     9
 Armour: Scale mail        |    36 |    14 |       ||    50
         Chain mail        |       |    66 |   193 ||   259
         Plate armour      |       |       |    20 ||    20
  Dodge: Dodged            |    32 |    40 |    82 ||   154
  Block: Buckler           |    15 |    27 |    97 ||   139
